AoeStats
← Pato

Arabia

503692167Analyzed
1v1 RM · 2mo ago on Sep 1, 2026· 45m 35s· 2 players
Game mode
Random Map
Map size
Tiny (2 player)
Population
200
Speed
Normal
Resources
Standard
Victory
Conquest
Starting age
Dark Age
Ending age
Imperial Age
RankedLock teamsTeams togetherTeam positionsShared explorationLock speedFull tech treeHidden civsTurbo modeCheats
Victory
Defeat
🇦🇷 Malians · Argentina
1389
+13
vs
🇪🇸 Byzantines · Spain
1333
-13
Pato
2:40 Loom
9:57 Feudal Age
12:36 Double-Bit Axe
12:58 Horse Collar
20:44 Castle Age
21:57 Bow Saw
22:38 Scale Barding Armor
22:44 Forging
22:39 Scale Barding Armor
22:44 Forging
31:40 Wheelbarrow
33:21 Iron Casting
33:06 Chain Barding Armor
34:50 Husbandry
38:01 Imperial Age
36:10 Heavy Plow
36:07 Gold Mining
36:09 Stone Mining
38:08 Heavy Camel Rider
39:30 Plate Barding Armor
42:31 Fletching
44:32 Chemistry
APs | fleita
6:41 Loom
8:55 Feudal Age
9:28 Double-Bit Axe
15:59 Fletching
17:17 Wheelbarrow
17:01 Horse Collar
20:40 Castle Age
19:23 Forging
19:50 Scale Barding Armor
20:00 Bloodlines
19:59 Gold Mining
20:54 Scale Barding Armor
26:59 Husbandry
27:20 Chain Barding Armor
28:15 Town Watch
28:45 Bow Saw
29:19 Iron Casting
32:11 Gold Shaft Mining
32:13 Hand Cart
32:04 Treadmill Crane
37:25 Imperial Age
35:20 Stone Mining
35:15 Crossbowman
35:58 Bodkin Arrow
36:40 Ballistics
36:35 Masonry
37:33 Padded Archer Armor
38:13 Stone Shaft Mining
39:15 Chemistry
37:39 Arbalester
37:55 Heavy Camel Rider
39:59 Plate Barding Armor
39:39 Leather Archer Armor
41:53 Architecture
43:24 Hoardings
43:08 Thumb Ring
44:14 Farimba
44:46 Light Cavalry
45:57 Ring Archer Armor
Connection lost

Rejoining the realm…

Still unreachable

The connection could not be restored.

Session expired

The server has moved on; the page needs a fresh start.